 Dungeon Crawl Stone Soup version 0.25-a0-419-g7650d0de75 (webtiles) character file.

Game seed: 16391121182565223678, levelgen mode: deterministic

4064 Borgoz the Basher (level 10, -4/63 HPs)
             Began as a Gargoyle Berserker on Jan 17, 2020.
             Was an Elder of Trog.
             Incinerated by MisterFreud's ghost (7 damage)
             ... with a sticky flame
             ... on level 6 of the Dungeon.
             The game lasted 00:11:02 (5935 turns).

Borgoz the Basher (Gargoyle Berserker)              Turns: 5935, Time: 00:11:03

Health: -4/63      AC: 21    Str: 21    XL:     10   Next: 25%
Magic:  10/10      EV: 11    Int:  9    God:    Trog [****..]
Gold:   332        SH:  0    Dex: 11    Spells: 9/9 levels left

rFire    . . .     SeeInvis .   a - +0 morningstar
rCold    . . .     Gourm    .   (no shield)
rNeg     + . .     Faith    .   n - +3 chain mail
rPois    ∞         Spirit   .   (no helmet)
rElec    +         Reflect  .   i - +0 cloak
rCorr    +         Harm     .   (no gloves)
MR       .....                  (no boots)
Stlth    ..........             (no amulet)
HPRegen  0.20/turn              h - ring of resist corrosion
MPRegen  0.12/turn              (no ring)

@: liquid flames, berserk cooldown, slowed, glowing, very slow
A: negative energy resistance 1, electricity resistance, unbreathing,
petrification resistance, rot immunity, AC +7
a: Berserk, Trog's Hand, Brothers in Arms, Renounce Religion


You were on level 6 of the Dungeon.
You worshipped Trog.
Trog was greatly pleased with you.
You were hungry.

You visited 1 branch of the dungeon, and saw 6 of its levels.
You also visited: Sewer.

You collected 332 gold pieces.

Inventory:

Hand Weapons
 a - a +0 morningstar (weapon)
Armour
 i - a +0 cloak (worn)
 n - a +3 chain mail (worn)
Jewellery
 h - a ring of resist corrosion (left hand)
Wands
 r - a wand of paralysis (15)
Scrolls
 f - 3 scrolls of teleportation
 g - a scroll of acquirement {unknown}
 k - 2 scrolls of amnesia {unknown}
 l - 2 scrolls of blinking
Potions
 e - 3 potions of flight
 j - a potion of heal wounds
 o - 2 potions of agility
 p - 4 potions of curing
 q - a potion of berserk rage
 s - 2 potions of might
Comestibles
 b - 7 chunks of flesh
 c - 10 rations


   Skills:
 + Level 7.3 Fighting
 * Level 9.0 Maces & Flails
 + Level 6.7 Armour
 * Level 7.3 Dodging


You had 9 spell levels left.
You didn't know any spells.
Your spell library was empty.

Dungeon Overview and Level Annotations

Branches:
Dungeon (6/15)             Temple (0/1) D:6           Sewer (visited)

Altars:
Ashenzari
Fedhas
Makhleb
Nemelex Xobeh


Innate Abilities, Weirdness & Mutations

You are resistant to torment.
Your stone body is resilient. (AC +7)
You are immune to poison.
You resist negative energy. (rN+)
You are resistant to electric shocks. (rElec)
You can survive without breathing.
You are immune to petrification.
You are immune to rotting.


Message History

You are too injured to fight recklessly!
You are too injured to fight recklessly!
You are too injured to fight recklessly!
You sock something!
You are covered in liquid flames!
You are no longer berserk.
You are exhausted.
You feel yourself slow down.
The shadow strikes at you from the darkness!
* * * LOW HITPOINT WARNING * * *
Reactivating autopickup.
You thump the shadow!
The shadow is severely damaged.
You are covered in liquid flames!
* * * LOW HITPOINT WARNING * * *
The shadow closely misses you.
You closely miss the shadow.
The shadow is severely damaged.
You are covered in liquid flames!
You die...

##.####.#####.....#..###'####
.........÷.....>..#....(....#
#####.#.#########.#..<....###
#.#.# **###.##...)#######
#.#.# *,,,#....##.......#
#.#.# #§§§#....########.#
#.#.#### #§§§#.#.........#.#
#......# ##W##.#########...#
###.##.# #.@...# ##### #
#.##.# ##...## # #.##.# #####
# #.##)# # #.##)# ######## #
#.##(# #......# ##
#.##.###.####'####### .#
#.##<....# #........# .##
#.##########........#


You could see a shadow.

Vanquished Creatures
  A two-headed ogre (D:6)
  The ghost of MisterFreud the Conjurer, a novice NaFE (D:6)
  Pikel (D:6)
  The ghost of emiel the Destroyer, a novice TeFE (D:5)
  A hippogriff (D:3)
  5 yaks (D:6)
  A phantom (D:6)
  An ogre (D:6)
  4 slaves (D:6)
  2 centaurs
  A bullfrog (D:4)
  A scorpion (D:5)
  A howler monkey (D:5)
  3 orc wizards (D:6)
  A bullfrog skeleton (D:5)
  3 hounds
  2 centaur skeletons
  An orc priest (D:6)
  Terence (D:2)
  An iguana (D:6)
  3 worker ants
  A worker ant zombie (D:6)
  A howler monkey skeleton (D:6)
  12 adders
  A shadow imp (D:5)
  4 oozes
  10 worms
  2 dart slugs (D:1)
  12 leopard geckos
  13 orcs
  6 giant cockroaches
  8 goblins
  9 hobgoblins
  26 jackals
  6 quokkas
  3 ball pythons (Sewer)
  16 bats
  2 frilled lizards
  A jackal zombie (D:6)
  7 kobolds
  8 rats
184 creatures vanquished.

Notes
Turn   | Place    | Note
-------+----------+-------------------------------------------
     0 | D:1      | Borgoz the Gargoyle Berserker began the quest for the Orb.
     0 | D:1      | Reached XP level 1. HP: 14/14 MP: 1/1
    85 | D:1      | Reached XP level 2. HP: 17/19 MP: 2/2
   406 | D:1      | Reached XP level 3. HP: 20/23 MP: 3/3
   438 | D:1      | Reached ** piety under Trog
  1060 | D:2      | Reached XP level 4. HP: 15/29 MP: 4/4
  1700 | D:2      | Found a burning altar of Makhleb.
  1714 | D:2      | Noticed Terence
  1726 | D:2      | Killed Terence
  1727 | D:2      | Reached skill level 4 in Maces & Flails
  1842 | D:2      | Reached XP level 5. HP: 32/33 MP: 5/5
  1994 | D:3      | Noticed a hippogriff
  2004 | D:3      | Killed a hippogriff
  2004 | D:3      | Reached XP level 6. HP: 18/38 MP: 6/6
  2026 | D:3      | Reached *** piety under Trog
  2567 | D:4      | Found a shattered altar of Ashenzari.
  2610 | D:4      | Found a blossoming altar of Fedhas.
  2969 | D:4      | Reached skill level 5 in Maces & Flails
  2969 | D:4      | Reached XP level 7. HP: 40/44 MP: 7/7
  3440 | D:5      | Entered Level 5 of the Dungeon
  4035 | D:5      | Found a runed translucent door.
  4036 | D:5      | Noticed emiel's ghost (novice TeFE)
  4117 | D:5      | Reached skill level 5 in Fighting
  4399 | D:6      | Reached XP level 8. HP: 48/49 MP: 8/8
  4414 | D:6      | Reached skill level 6 in Maces & Flails
  4420 | D:6      | Reached **** piety under Trog
  4460 | D:6      | Found a staircase to the Ecumenical Temple.
  4504 | D:6      | Found a glowing drain.
  4507 | D:6      | Noticed Pikel
  4540 | D:6      | Killed Pikel
  4540 | D:6      | Reached skill level 5 in Armour
  4540 | D:6      | Reached skill level 5 in Dodging
  4589 | Sewer    | Entered a sewer
  5198 | D:6      | Noticed a two-headed ogre
  5206 | D:6      | Killed a two-headed ogre
  5206 | D:6      | Reached skill level 7 in Maces & Flails
  5206 | D:6      | Reached XP level 9. HP: 27/56 MP: 9/9
  5556 | D:5      | Killed emiel's ghost
  5556 | D:5      | Reached skill level 8 in Maces & Flails
  5753 | D:6      | Found a sparkling altar of Nemelex Xobeh.
  5821 | D:6      | Reached XP level 10. HP: 39/63 MP: 10/10
  5916 | D:6      | Found a runed translucent door.
  5916 | D:6      | Noticed MisterFreud's ghost (novice NaFE)
  5932 | D:6      | Killed MisterFreud's ghost
  5932 | D:6      | Reached skill level 9 in Maces & Flails
  5934 | D:6      | HP: 3/63 [burnt (6)]
  5935 | D:6      | Incinerated by MisterFreud's ghost

Levels and vault maps discovered:
D:1:      nagdon_arrival_zigzag_paths, layout_basic, minmay_unequal
D:2:      layout_loops_corners, lemuel_crystal_altar, first_ration, st_stairs_3,
          uniq_terence
D:3:      layout_rooms
D:4:      layout_loops_corners, old_standard_altar, lemuel_doored_altar,
          minmay_cut_off
D:5:      layout_basic, gammafunk_ghost_grave
D:6:      layout_basic, kennysheep_little_box, minmay_temple_entry_arrows,
          gup_sewer_entry_glass, ebering_ghost_inner_flame, uniq_pikel

Skill      XL: |  1  2  3  4  5  6  7  8  9 10 |
---------------+-------------------------------+-----
Dodging        | 2 3 4 6 7 |  7.3
Maces & Flails | 4 5 7 8 9 |  9.0
Fighting       | 4 5 6 7 |  7.3
Armour         | 3 4 5 6 |  6.7

Action                   |  1- 3 |  4- 6 |  7- 9 | 10-12 || total
-------------------------+-------+-------+-------+-------++-------
Melee: Mace              |   139 |    69 |       |       ||   208
       Morningstar       |       |   119 |   388 |    28 ||   535
Invok: Berserk           |       |     2 |     5 |     1 ||     8
       Trog's Hand       |       |     1 |     2 |       ||     3
  Use: Scroll            |       |     4 |     6 |     3 ||    13
       Potion            |       |       |     3 |       ||     3
 Stab: Sleeping          |     1 |       |       |       ||     1
  Eat: Chunk             |     1 |     7 |    14 |       ||    22
       Ration            |       |       |     1 |       ||     1
Armor: Animal skin       |    87 |    27 |       |       ||   114
       Chain mail        |       |   154 |   351 |    14 ||   519
Dodge: Dodged            |   109 |   177 |   336 |     9 ||   631

Table legend:
 A = Non-vault XP
 B = Vault XP
 C = Vault XP percentage of total XP
 D = Non-vault monster count
 E = Vault monster count
 F = Vault count percentage of total count
                 A         B        C        D         E       F
            +---------+---------+-------+---------+---------+-------
      Total |    3777 |    2030 |  35.0 |     141 |      39 |  21.7
            +---------+---------+-------+---------+---------+-------
        D:1 |      60 |       5 |   7.7 |      33 |       3 |   8.3
        D:2 |      63 |      37 |  37.0 |      22 |       2 |   8.3
        D:3 |     352 |       0 |   0.0 |      32 |       0 |   0.0
        D:4 |     176 |      21 |  10.7 |       4 |       3 |  42.9
        D:5 |     439 |     475 |  52.0 |      15 |       1 |   6.2
        D:6 |    2687 |    1423 |  34.6 |      35 |       6 |  14.6
      Sewer |       0 |      69 | 100.0 |       0 |      24 | 100.0
            +---------+---------+-------+---------+---------+-------
